 Dungeon Crawl Stone Soup version 0.30-a0-322-g102857c98e (webtiles) character file.

Game seed: 4683326658644823334

280 LnG the Sneak (level 6, 0/34 HPs)
             Began as a Kobold Summoner on Oct 25, 2022.
             Slain by Duvessa
             ... wielding a +0 rapier
              (10 damage)
             ... on level 4 of the Dungeon on Oct 27, 2022.
             The game lasted 00:17:14 (3807 turns).

LnG the Sneak (Kobold Summoner)                     Turns: 3807, Time: 00:17:15

Health: 0/34       AC:  3    Str: 13    XL:     6   Next: 52%
Magic:  5/10       EV: 15    Int: 18    God:
Gold:   158        SH:  0    Dex: 11    Spells: 1/10 levels left

rFire   . . .      SeeInvis .    s - +9 quarterstaff "Demon's Death Toll" {vorpal, rPois Str+7 Dex-4}
rCold   . . .      Faith    .    (shield currently unavailable)
rNeg    . . .      Spirit   .    a - +0 robe
rPois   +          Reflect  .    (no helmet)
rElec   .          Harm     .    m - +0 cloak
rCorr   .          Rampage  .    (no gloves)
Will    .....                    (no boots)
Stlth   ++++......               (no amulet)
HPRegen 0.25/turn                (no ring)
MPRegen 0.12/turn                (no ring)

@: no status effects
A: small, no large weapons, nightstalker 3
a: no special abilities


You were on level 4 of the Dungeon.
You visited 1 branch of the dungeon, and saw 4 of its levels.

You collected 158 gold pieces.

Inventory:

Hand Weapons
 h - a +0 dagger
 s - the +9 quarterstaff "Demon's Death Toll" (weapon) {vorpal, rPois Str+7 Dex-4}
   (You found it on level 3 of the Dungeon)

   It inflicts extra damage upon your enemies.
   Str:       It affects your strength (+7).
   Dex:       It affects your dexterity (-4).
   rPois:     It protects you from poison.
Armour
 a - a +0 robe (worn)
 m - a +0 cloak (worn)
Jewellery
 e - an amulet of faith
 r - a ring of fire
Scrolls
 n - a scroll of poison
 o - a scroll of fear
 p - 2 scrolls of acquirement {unknown}
 q - a scroll of blinking {unknown}
 u - a scroll of noise {unknown}
 v - a scroll of magic mapping {unknown}
Potions
 b - a potion of magic
 c - 2 potions of heal wounds {unknown}
 d - a potion of resistance
 f - a potion of flight {unknown}
 g - a potion of mutation {unknown}
 j - 2 potions of attraction {unknown}
 k - 2 potions of curing
 l - a potion of lignification {unknown}
 t - a potion of brilliance {unknown}


   Skills:
 + Level 1.2 Fighting
 + Level 2.1 Short Blades
 * Level 4.0 Dodging
 + Level 5.9 Stealth
 + Level 2.8 Spellcasting
 + Level 4.7 Summonings


You had one spell level left.
You knew the following spells:

 Your Spells              Type           Power      Damage    Failure   Level
a - Summon Small Mammal   Summ           76%        N/A       2%          1
b - Call Imp              Summ           19%        N/A       3%          2
c - Call Canine Familiar  Summ           19%        N/A       7%          3
d - Summon Guardian Gole  Hex/Summ       11%        N/A       19%         3

Your spell library contained the following spells:

 Spells                   Type           Power      Damage    Failure   Level
 Blink                    Tloc           4%         N/A       26%         2
 Dazzling Flash           Conj/Hex       4%         N/A       45%         3
 Gell's Gravitas          Tloc           2%         N/A       45%         3
 Lesser Beckoning         Tloc           4%         N/A       45%         3
 Teleport Other           Tloc           2%         N/A       45%         3
 Summon Lightning Spire   Summ/Air       11%        N/A       54%         4
 Iskenderun's Mystic Bla  Conj/Tloc      2%         2d3       86%         4
 Manifold Assault         Tloc           2%         N/A       86%         4
 Starburst                Conj/Fire      1%         6d3       100%        6
 Storm Form               Tmut/Air       1%         N/A       100%        7


Dungeon Overview and Level Annotations

Branches:
Dungeon (4/15)
 Temple: D:4-7

Altars:
The Shining One

Annotations:
D:4 Dowan, Duvessa


Innate Abilities, Weirdness & Mutations

You are small and have problems with some larger weapons.
You are completely attuned to the shadows.


Message History

You see here a hobgoblin corpse.
There is a stone staircase leading up here.
Found 5 stones.
Found a whip.
Duvessa, Sister of Dowan comes into view.
She is wielding a +0 rapier.
Dowan, Brother of Duvessa comes into view.
He is wielding a +0 dagger.
Duvessa shouts!
Dowan shouts!
Duvessa hits you with a +0 rapier. Duvessa attacks as you move away!
Duvessa misses you.
Duvessa shouts, "You can run, but you cannot escape us forever!"
Dowan completely misses you. Dowan attacks as you move away!
Dowan completely misses you.
You feel stronger.
You feel clumsy.
s - the +9 quarterstaff "Demon's Death Toll" (weapon)
{vorpal, rPois Str+7 Dex-4} Duvessa misses you.
Dowan casts a spell.
Dowan blinks!
You barely miss Duvessa. Duvessa hits you with a +0 rapier!
You sock Duvessa!
Duvessa is heavily wounded.
Duvessa says, "My weaknesses are his strengths!"
Duvessa closely misses you.
You hit Duvessa but do no damage.
Duvessa is heavily wounded.
Duvessa completely misses you.
Dowan gestures wildly while chanting.
Dowan blinks!
Duvessa hits you with a +0 rapier.
You hit Duvessa but do no damage.
Duvessa is heavily wounded.
Duvessa hits you with a +0 rapier!
Casting: Call Canine Familiar (dangerous; 7% risk of failure)
Confirm with . or Enter, or press ? or * to list all spells.
Duvessa hits you with a +0 rapier.
* * * LOW HITPOINT WARNING * * *
Casting: Call Canine Familiar (dangerous; 7% risk of failure)
Confirm with . or Enter, or press ? or * to list all spells.
A beastly little devil appears in a puff of frigid air.
Your hound barely misses Duvessa.
Duvessa hits you with a +0 rapier!
You die...

.. .# .#
#####.#
...eh.#
####e##
#@# #5#
#.# ##.##
. #.#
###(..##..
#.#
....#...)#
#. ###)#
#.#...####
#.###.#.#
#.##.##
#)##....#
#.##.#
#.#.....#
####.##.#
#.......<


You could see Duvessa (ally target), Dowan, a friendly hound (summoned) and a
friendly white imp (summoned).

Vanquished Creatures
  An ogre (D:4)
  2 gnolls (D:3)
  An adder (D:2)
  3 worms (D:2)
  2 orcs (D:3)
  9 endoplasms
  A giant cockroach (D:1)
  4 goblins
  4 hobgoblins
  6 kobolds
  6 quokkas
  3 ball pythons (D:2)
  5 bats
  7 frilled lizards
  7 rats
61 creatures vanquished.

Vanquished Creatures (collateral kills)
  An orc wizard (D:3)
  2 gnolls (D:3)
  4 adders
  A dart slug (D:1)
  An orc (D:3)
  2 endoplasms
  2 giant cockroaches (D:1)
  A hobgoblin (D:1)
  A bat (D:3)
  A kobold (D:1)
16 creatures vanquished.

Grand Total: 77 creatures vanquished

Notes
Turn   | Place    | Note
-------+----------+-------------------------------------------
     0 | D:1      | LnG the Kobold Summoner began the quest for the Orb.
     0 | D:1      | Reached XP level 1. HP: 10/10 MP: 3/3
   188 | D:1      | Reached XP level 2. HP: 15/15 MP: 3/5
   191 | D:1      | Learned a level 2 spell: Call Imp
   578 | D:1      | Reached XP level 3. HP: 19/19 MP: 6/6
   767 | D:1      | Reached skill level 3 in Stealth
  1502 | D:2      | Reached XP level 4. HP: 24/24 MP: 7/7
  1506 | D:2      | Learned a level 3 spell: Call Canine Familiar
  1557 | D:2      | Reached skill level 1 in Short Blades
  1571 | D:2      | HP: 1/24 [worm (6)]
  1596 | D:2      | Reached skill level 4 in Stealth
  1649 | D:2      | Upgraded the game from 0.30-a0-311-gf115ab0292 to
                  | 0.30-a0-322-g102857c98e
  2205 | D:2      | Reached XP level 5. HP: 28/28 MP: 8/8
  2483 | D:3      | Found a glowing golden altar of the Shining One.
  2733 | D:3      | Reached skill level 5 in Stealth
  2801 | D:3      | Reached skill level 1 in Fighting
  3156 | D:3      | Identified the +9 quarterstaff "Demon's Death Toll"
                  | {vorpal, rPois Str+7 Dex-4}
  3333 | D:3      | Reached XP level 6. HP: 27/34 MP: 5/9
  3338 | D:3      | Learned a level 3 spell: Summon Guardian Golem
  3612 | D:4      | Noticed an ogre
  3618 | D:4      | Killed an ogre
  3795 | D:4      | Noticed Duvessa
  3797 | D:4      | Noticed Dowan
  3807 | D:4      | Slain by Duvessa

Illustrated notes

Levels and vault maps discovered:
D:1:      minmay_arrival_glassed_features, layout_basic,
          minmay_misc_feat_diagonals
D:2:      layout_basic
D:3:      layout_basic, general_overflow_altar
D:4:      layout_loops_ring, uniq_duvessa

Skill      XL: |  1  2  3  4  5  6 |
---------------+-------------------+-----
Stealth        | 3 4 5 |  5.9
Dodging        | 3 4 |  4.0
Short Blades   | 1 2 |  2.1
Fighting       | 1 |  1.2
Spellcasting   | |  2.8
Summonings     | |  4.7

Action                   |  1- 3 |  4- 6 || total
-------------------------+-------+-------++-------
Melee: Short sword       |    60 |       ||    60
       Dagger            |    31 |   121 ||   152
       Punch             |       |     1 ||     1
       Quarterstaff      |       |     8 ||     8
 Cast: Summon Small Mamm |     5 |       ||     5
       Call Imp          |     2 |     4 ||     6
       Call Canine Famil |       |     7 ||     7
  Use: Potion            |       |     2 ||     2
       Scroll            |       |     2 ||     2
 Stab: Sleeping          |    22 |    19 ||    41
       Distracted        |       |     1 ||     1
Armor: Robe              |    10 |    21 ||    31
Dodge: Dodged            |    61 |    77 ||   138

Table legend: (Time is in decaauts)
 A = Elapsed time spent in this place.
 B = Non-inter-level travel time spent in this place.
 C = Inter-level travel time spent in this place.
 D = Time resting spent in this place.
 E = Time spent auto-exploring this place.
 F = Levels seen in this place.
 G = Mean time per level.
                   A        B        C        D        E       F      G
               +--------+--------+--------+--------+--------+-----+--------+
         Total |   3797 |   3630 |    167 |     96 |   2806 |   4 |  949.2 |
       Dungeon |   3797 |   3630 |    167 |     96 |   2806 |   4 |  949.2 |
               +--------+--------+--------+--------+--------+-----+--------+

Top non-repeatable levels by time:
     D:3: 1249 daAuts
     D:1: 1217 daAuts
     D:2: 1136 daAuts
     D:4: 194 daAuts
